 Dungeon Crawl Stone Soup version 0.30-a0-585-g93115170b9 (webtiles) character file.

Game seed: 6259604529095654629

84912 bmack86 the Severer (level 15, -5/136 HPs)
             Began as a Minotaur Fighter on Jan 3, 2023.
             Was the Champion of Okawaru.
             Slain by a two-headed ogre
             ... wielding a +0 giant club
              (15 damage)
             ... on level 2 of the Orcish Mines.
             The game lasted 01:02:22 (18196 turns).

bmack86 the Severer (Minotaur Fighter)             Turns: 18196, Time: 01:02:23

Health: -5/136     AC: 40    Str: 29    XL:     15   Next: 36%
Magic:  16/21      EV: 13    Int: 11    God:    Okawaru [******]
Gold:   2829       SH: 14    Dex: 11    Spells: 14/14 levels left

rFire   + . .      SeeInvis .    J - +10 war axe of Paper {venom, rN+}
rCold   + . .      Faith    .    C - +0 kite shield
rNeg    + . .      Spirit   .    g - +4 gold dragon scales
rPois   +          Reflect  .    u - +1 hat
rElec   .          Harm     .    T - +2 cloak
rCorr   .          Rampage  .    c - +1 pair of gloves of the Sturgeon {Int+4}
Will    ++...                    m - +3 pair of boots of Gluttony {Str+2 Int+2} Stlth
                                 l - amulet of regeneration
HPRegen 1.22/turn                F - +5 ring of evasion
MPRegen 0.17/turn                E - ring of willpower

@: heroic, finesse-ful, studying Armour
A: horns 2, retaliatory headbutt, deterioration 1
a: Renounce Religion, Heroism, Finesse, Duel


You were on level 2 of the Orcish Mines.
You worshipped Okawaru.
Okawaru was exalted by your worship.
You visited 4 branches of the dungeon, and saw 23 of its levels.
You also visited: Bailey.

You collected 2964 gold pieces.
You spent 135 gold pieces at shops.

Inventory:

Hand Weapons
 G - a +6 war axe of flaming
 J - the +10 war axe of Paper (weapon) {venom, rN+}
   (You found it on level 7 of the Dungeon)

   It poisons the flesh of those it strikes.
   rN:        It protects you from negative energy.
 N - a +6 spectral battleaxe
 W - a +4 broad axe of electrocution
Missiles
 t - 16 boomerangs (quivered)
 w - 8 javelins
 x - 14 curare-tipped darts
 Q - 4 throwing nets
Armour
 c - the +1 pair of gloves of the Sturgeon (worn) {Int+4}
   (Okawaru gifted it to you on level 5 of the Lair of Beasts)

   Int:       It affects your intelligence (+4).
 g - +4 gold dragon scales (worn)
 m - the +3 pair of boots of Gluttony (worn) {Str+2 Int+2}
   (You found it on level 2 of the Dungeon)

   Str:       It affects your strength (+2).
   Int:       It affects your intelligence (+2).
 u - a +1 hat (worn)
 C - a +0 kite shield (worn)
 D - a scarf of resistance
 T - a +2 cloak (worn)
Jewellery
 a - an amulet of guardian spirit
 e - an amulet of the acrobat
 l - an amulet of regeneration (around neck)
 n - the ring "Utueziu" {rElec rPois rC- Int+4 Dex+6}
   (You found it in a bailey)

   [ring of dexterity]

   Int:       It affects your intelligence (+4).
   Dex:       It affects your dexterity (+6).
   rC:        It makes you vulnerable to cold.
   rElec:     It insulates you from electricity.
   rPois:     It protects you from poison.
 B - a ring of see invisible
 E - a ring of willpower (right hand)
 F - a +5 ring of evasion (left hand)
 O - a +6 ring of dexterity
 R - a ring of positive energy
Wands
 p - a wand of roots (18)
Scrolls
 h - 5 scrolls of fear
 y - a scroll of silence
 z - 3 scrolls of blinking
 A - 3 scrolls of poison
 I - a scroll of brand weapon
 K - 4 scrolls of teleportation
 M - 3 scrolls of fog
Potions
 b - 5 potions of ambrosia
 d - 4 potions of might
 f - 4 potions of flight
 j - a potion of resistance
 k - 7 potions of heal wounds
 o - 3 potions of berserk rage
 q - 5 potions of invisibility
 v - 11 potions of curing
 H - 3 potions of magic
 L - 9 potions of brilliance
 U - 2 potions of lignification
 V - 5 potions of haste
 Z - 3 potions of cancellation


   Skills:
 + Level 13.4(18.4) Fighting
 * Level 20.8(25.8) Axes
 + Level 10.8(15.8) Throwing
 + Level 15.8(20.8) Armour
 + Level 13.4(18.4) Shields
 + Level 9.6 Invocations


You had 14 spell levels left.
You didn't know any spells.
Your spell library contained the following spells:

 Spells                   Type           Power      Damage    Failure   Level
 Freeze                   Ice            0%         1d3       99%         1
 Necrotise                Necr           0%         1d4       99%         1
 Blink                    Tloc           0%         N/A       100%        2
 Scorch                   Fire           0%         2d5       100%        2
 Sublimation of Blood     Necr           0%         N/A       100%        2
 Wereblood                Tmut           0%         N/A       100%        2
 Frozen Ramparts          Ice            0%         1d1       100%        3
 Hailstorm                Conj/Ice       0%         3d3       100%        3
 Ignite Poison            Fire/Tmut/Pois 0%         N/A       100%        3
 Inner Flame              Hex/Fire       0%         N/A       100%        3
 Kindle Blastsparks       Fire/Tloc/Air  0%         2d10      100%        3
 Vampiric Draining        Necr           0%         2d6       100%        3
 Airstrike                Air            0%         2d(0-16)  100%        4
 Flame Wave               Conj/Fire      0%         2d4       100%        4
 Leda's Liquefaction      Hex/Erth       0%         N/A       100%        4
 Manifold Assault         Tloc           0%         N/A       100%        4
 Sticky Flame             Conj/Fire      0%         2d3       100%        4
 Agony                    Necr           0%         N/A       100%        5
 Freezing Cloud           Conj/Ice/Air   0%         6-21      100%        5
 Lee's Rapid Deconstruct  Erth           0%         3d4*      100%        5
 Lightning Bolt           Conj/Air       0%         1d11      100%        5
 Dispersal                Tloc           0%         N/A       100%        6
 Statue Form              Tmut/Erth      0%         N/A       100%        6
 Storm Form               Tmut/Air       0%         N/A       100%        7
 Disjunction              Tloc           0%         N/A       100%        8
 Summon Lightning Spire   Summ/Air       Unusable   N/A       N/A         4
 Summon Cactus Giant      Summ           Unusable   N/A       N/A         6
 Summon Hydra             Summ           Unusable   N/A       N/A         7

Dungeon Overview and Level Annotations

Branches:
Dungeon (15/15)            Temple (1/1) D:6            Lair (5/5) D:11
  Swamp (0/4) Lair:3       Spider (0/4) Lair:3        Slime (0/5) Lair:4
    Orc (2/2) D:9             Elf (0/3) Orc:2        Vaults (0/5) D:13
 Depths (0/4) D:15         Bailey (visited)

Altars:
Ashenzari
Cheibriados
Dithmenos
Elyvilon
Fedhas
Gozag
Hepliaklqana
Kikubaaqudgha
Makhleb
Nemelex Xobeh
Okawaru
Qazlal
Ru
Sif Muna
Trog
Uskayaw
Vehumet
Wu Jian
Xom
Yredelemnul
Zin
The Shining One
Jiyva

Shops:
D:15 ?:(

Portals:
Hell: Lair:5

Annotations:
Orc:2 Saint Roka, Urug


Innate Abilities, Weirdness & Mutations

You have a pair of horns on your head.
You reflexively headbutt those who attack you in melee.
Your body sometimes deteriorates upon taking damage.


Message History

You slash the sun demon!
The sun demon is poisoned.
You slice Urug!!
You hit the two-headed ogre but do no damage.
The two-headed ogre is poisoned.
Urug hits you but does no damage.
You are electrocuted!
* * * LOW HITPOINT WARNING * * *
You block the two-headed ogre's attack.
The two-headed ogre hits you but does no damage.
You block the ogre mage's attack.
The orc priest calls down the wrath of Beogh upon you.
Beogh smites you!
* * * LOW HITPOINT WARNING * * *
You block the orc's attack. You block the ogre's attack.
Saint Roka roars a battlecry!
The orc warrior goes into a battle-frenzy!
You hear a shout! x2
You feel much better.
Urug no longer looks unusually strong.
The orc no longer looks unusually strong.
The sun demon closely misses you. You furiously retaliate!
You headbutt the sun demon. You block the two-headed ogre's attack.
The two-headed ogre hits you with a +0 giant club.
* * * LOW HITPOINT WARNING * * *
Urug closely misses you. You furiously retaliate!
You headbutt Urug.
Saint Roka roars a battlecry!
The orcs go into a battle-frenzy!
You block the orc's attack.
The orc sorcerer casts a spell.
You feel much better.
The sun demon hits you but does no damage.
You block the ogre mage's attack. You block the two-headed ogre's attack.
The two-headed ogre hits you with a +0 giant club!
* * * LOW HITPOINT WARNING * * *
The ogre closely misses you.
Urug hits you with a +5 demon trident of electrocution!!
* * * LOW HITPOINT WARNING * * *
The orc priest looks encouraged for a moment.
The orc hits you from afar with a +0 trident.
* * * LOW HITPOINT WARNING * * *
Saint Roka hits you but does no damage. The two-headed ogre barely misses you.
The two-headed ogre hits you with a +0 giant club!
You die... ......_....... ............. .......o.... ..## #....33o.. . ...# ....oo4. .###... #.oOoo# .#..#.# #.OOoO#

......# ###8oO@8###
......# ##.#..3o)#.#
.....#####..#...))#.##
.........##.##..))...#
)...##...#.......)...##
...)###........#......#
[.)..##...>....#......#
.#....##..##..........#
[.)..#)###........##.##


You could see Saint Roka (very poisoned), an orc knight (strong), Urug (strong,
extremely poisoned), 3 two-headed ogres, an ogre mage, a sun demon (summoned,
very poisoned), a rust devil (summoned), 2 ynoxinuls, an orc sorcerer (strong),
2 orc warriors, an ogre (very poisoned), an orc priest (strong), an orc wizard
(strong) and 2 orcs.

Vanquished Creatures
  Azrael (D:14)
  The ghost of Sabo the Cleaver, a journeyman AtFi of Makhleb (D:11)
  A rakshasa (D:14)
  4 hydras
  An ogre mage (D:11)
  A hell beast (Lair:5)
  Harold (D:11)
  A catoblepas (Lair:5)
  12 two-headed ogres
  2 dancing weapons (D:13)
  3 centaur warriors
  A tengu warrior (D:13)
  5 boulder beetles
  A vampire mage (D:15)
  Sonja (Lair:5)
  2 skeletal warriors (D:15)
  A glowing orange brain (D:11)
  2 wizards
  A lindwurm (Lair:5)
  A necromancer (D:15)
  4 orc knights
  An orc sorcerer (Orc:2)
  3 deep elf pyromancers
  2 manticores (D:13)
  A fire giant zombie (D:15)
  11 ugly things
  7 cyclopes
  An iron dragon skeleton (D:15)
  6 elephants (Lair:4)
  A guardian serpent (shapeshifter) (D:13)
  A cane toad (shapeshifter) (D:15)
  A torpor snail (Lair:5)
  3 gargoyles
  2 orange demons (Lair:5)
  3 unseen horrors
  15 cane toads
  An efreet (D:15)
  11 rime drakes
  A komodo dragon (shapeshifter) (D:15)
  A freezing wraith (D:14)
  5 komodo dragons
  A red devil (Lair:5)
  3 ice devils (Lair:5)
  3 meliai (D:15)
  7 trolls
  A hellwing (Lair:5)
  16 blink frogs
  4 polar bears (Lair:5)
  An ettin zombie (D:15)
  7 dream sheep
  A spriggan zombie (D:15)
  2 blink frogs (shapeshifter) (D:11)
  A centaur simulacrum (D:14)
  15 slime creatures
  The ghost of sirJeffrey23 the Conjurer, an amateur DECj of Elyvilon (D:4)
  3 shadows
  2 vampires
  3 wraiths
  4 basilisks
  2 fire elementals (D:14)
  A human (shapeshifter) (D:11)
  2 wyverns
  47 yaks
  3 vampire mosquitoes (D:12)
  3 neqoxecs (D:11)
  2 wargs (Orc:2)
  6 acid dragons
  14 water moccasins
  7 hell hounds
  Duvessa (D:6)
  17 orc warriors
  2 sky beasts
  A black bear (D:11)
  18 wolves
  5 ogres
  9 centaurs
  5 kobold brigands
  10 bullfrogs
  A gnoll sergeant (D:4)
  2 necrophages (D:7)
  10 scorpions
  18 wights
  Dowan (D:6)
  4 killer bees (D:10)
  8 vampire bats (Bailey)
  6 wolf zombies (Bailey)
  2 electric eels (Lair:5)
  3 howler monkeys
  3 iron imps (D:3)
  4 hounds
  A jelly (D:5)
  Crazy Yiuf (D:7)
  3 gnoll boudas
  9 orc priests
  16 orc wizards
  Natasha (D:2)
  An iguana (D:5)
  7 hell rats (Lair:3)
  A boggart simulacrum (D:15)
  23 gnolls
  13 adders
  An ufetubus (D:5)
  2 worms (Lair:3)
  A dart slug (D:4)
  A dart slug (shapeshifter) (D:11)
  40 orcs
  6 ball pythons
  5 bats
  6 endoplasms
  5 giant cockroaches
  11 goblins
  9 hobgoblins
  4 jackals (D:1)
  6 quokkas
  6 frilled lizards
  34 kobolds
  23 orc zombies (Bailey)
  9 rats
661 creatures vanquished.

Vanquished Creatures (others)
  15 fungi
  61 plants
  A withered plant (D:15)
77 creatures vanquished.

Grand Total: 738 creatures vanquished

Notes
Turn   | Place    | Note
-------+----------+-------------------------------------------
     0 | D:1      | bmack86 the Minotaur Fighter began the quest for the Orb.
     0 | D:1      | Reached XP level 1. HP: 19/19 MP: 0/0
   126 | D:1      | Reached XP level 2. HP: 24/27 MP: 1/1
   165 | D:1      | Reached skill level 3 in Axes
   824 | D:1      | Reached XP level 3. HP: 33/33 MP: 2/2
  1320 | D:2      | Reached XP level 4. HP: 40/40 MP: 3/3
  1328 | D:2      | Identified the +3 pair of boots of Gluttony {Str+2 Int+2}
  1419 | D:2      | Reached skill level 4 in Axes
  1458 | D:2      | Noticed Natasha
  1464 | D:2      | Killed Natasha
  1829 | D:3      | Found a blossoming altar of Fedhas.
  1997 | D:3      | Reached skill level 1 in Throwing
  1997 | D:3      | Reached XP level 5. HP: 46/47 MP: 4/4
  2377 | D:3      | Found a burning altar of Makhleb.
  2397 | D:3      | Reached skill level 5 in Axes
  2400 | D:3      | Reached XP level 6. HP: 53/53 MP: 5/5
  2514 | D:4      | Found a sparkling altar of Nemelex Xobeh.
  2648 | D:4      | Found a transporter.
  2662 | D:4      | Noticed sirJeffrey23's ghost (amateur DECj)
  2709 | D:4      | Found a transporter.
  2772 | D:4      | Reached skill level 5 in Armour
  3043 | D:5      | Entered Level 5 of the Dungeon
  3063 | D:5      | Reached skill level 5 in Fighting
  3063 | D:5      | Reached skill level 5 in Shields
  3391 | D:5      | Reached XP level 7. HP: 61/61 MP: 6/6
  3535 | D:5      | Reached skill level 6 in Axes
  3808 | D:6      | Found a staircase to the Ecumenical Temple.
  3823 | Temple   | Entered the Ecumenical Temple
  3852 | Temple   | Became a worshipper of Warmaster Okawaru
  4078 | D:6      | Found an ancient bone altar of Kikubaaqudgha.
  4080 | D:6      | Found a radiant altar of Vehumet.
  4080 | D:6      | Found a glowing silver altar of Zin.
  4080 | D:6      | Found a shimmering altar of Xom.
  4086 | D:6      | Found a broken altar of Ashenzari.
  4086 | D:6      | Found a white marble altar of Elyvilon.
  4250 | D:6      | Noticed Dowan
  4252 | D:6      | Noticed Duvessa
  4256 | D:6      | Killed Dowan
  4257 | D:6      | Reached skill level 7 in Axes
  4258 | D:6      | Killed Duvessa
  4259 | D:6      | Reached XP level 8. HP: 62/70 MP: 7/7
  4410 | D:6      | Reached * piety under Okawaru
  5179 | D:7      | Found a runed translucent door.
  5180 | D:7      | Noticed Crazy Yiuf
  5188 | D:7      | Killed Crazy Yiuf
  5224 | D:7      | Identified the +10 war axe of Paper {venom, rN+}
  5286 | D:7      | Found a shadowy altar of Dithmenos.
  5346 | D:7      | Reached skill level 8 in Axes
  5681 | D:7      | Reached ** piety under Okawaru
  5682 | D:7      | Reached XP level 9. HP: 69/78 MP: 8/8
  5732 | D:7      | Found a shimmering blue altar of Sif Muna.
  5853 | D:7      | Identified 2 scrolls of acquirement
  5853 | D:7      | Acquired 677 gold pieces
  5895 | D:8      | Reached skill level 9 in Axes
  5936 | D:8      | Acquired a manual of Axes
  6075 | D:8      | Found a flagged portal.
  6109 | Bailey   | Entered a bailey
  6158 | Bailey   | Noticed a gargoyle
  6172 | Bailey   | Killed a gargoyle
  6243 | Bailey   | Identified the ring "Utueziu" {rElec rPois rC- Int+4 Dex+6}
  6263 | Bailey   | Reached skill level 1 in Invocations
  6386 | Bailey   | Reached skill level 10 in Axes
  6433 | Bailey   | Reached skill level 5 in Throwing
  6773 | D:8      | Reached *** piety under Okawaru
  6774 | D:8      | Reached skill level 11 in Axes
  6778 | D:8      | Reached XP level 10. HP: 83/88 MP: 10/10
  6844 | D:8      | Found a bloodstained altar of Trog.
  7278 | D:9      | Received a gift from Okawaru
  7316 | D:9      | Found a staircase to the Orcish Mines.
  7508 | D:9      | Reached skill level 12 in Axes
  7583 | D:9      | Reached **** piety under Okawaru
  7709 | D:10     | Entered Level 10 of the Dungeon
  7709 | D:10     | Noticed a two-headed ogre
  7717 | D:10     | Killed a two-headed ogre
  7751 | D:10     | Noticed a two-headed ogre
  7760 | D:10     | Killed a two-headed ogre
  7760 | D:10     | Received a gift from Okawaru
  7761 | D:10     | Reached skill level 13 in Axes
  7859 | D:10     | Reached ***** piety under Okawaru
  7860 | D:10     | Reached XP level 11. HP: 93/95 MP: 13/13
  7895 | D:10     | Reached skill level 14 in Axes
  7925 | D:10     | Noticed a two-headed ogre
  7927 | D:10     | Received a gift from Okawaru
  7936 | D:10     | Killed a two-headed ogre
  7991 | D:10     | Noticed a two-headed ogre
  7998 | D:10     | Killed a two-headed ogre
  8238 | D:10     | Found a snail-covered altar of Cheibriados.
  8392 | D:11     | Noticed a two-headed ogre
  8394 | D:11     | Noticed a boulder beetle
  8394 | D:11     | Noticed a boulder beetle
  8399 | D:11     | Killed a two-headed ogre
  8403 | D:11     | Killed a boulder beetle
  8419 | D:11     | Killed a boulder beetle
  8420 | D:11     | Reached skill level 15 in Axes
  8420 | D:11     | Reached skill level 5 in Invocations
  8424 | D:11     | Noticed an ogre mage
  8425 | D:11     | Noticed a two-headed ogre
  8431 | D:11     | Killed a two-headed ogre
  8431 | D:11     | Received a gift from Okawaru
  8441 | D:11     | Killed an ogre mage
  8442 | D:11     | Received a gift from Okawaru
  8453 | D:11     | Identified the +10 morningstar of the Lair of Beasts
                  | {drain, Fragile rF+ rCorr Int+3}
  8485 | D:11     | Reached skill level 16 in Axes
  8485 | D:11     | Reached skill level 10 in Shields
  8649 | D:11     | Noticed Harold
  8663 | D:11     | Killed Harold
  8664 | D:11     | Reached skill level 10 in Armour
  8664 | D:11     | Reached XP level 12. HP: 94/106 MP: 15/15
  8784 | D:11     | Reached skill level 10 in Fighting
  8841 | D:11     | Found a staircase to the Lair.
  8891 | D:11     | Noticed a two-headed ogre
  8900 | D:11     | Killed a two-headed ogre
  9017 | D:11     | Found a runed translucent gate.
  9017 | D:11     | Found a runed translucent gate.
  9019 | D:11     | Found a runed translucent gate.
  9332 | D:11     | Received a gift from Okawaru
  9340 | D:11     | Reached skill level 17 in Axes
  9340 | D:11     | Found a runed translucent gate.
  9340 | D:11     | Found a runed translucent gate.
  9342 | D:11     | Noticed Sabo's ghost (journeyman AtFi)
  9346 | D:11     | Found a runed translucent gate.
  9396 | D:11     | Gained mutation: Your body sometimes deteriorates upon
                  | taking damage. [a neqoxec]
  9409 | D:11     | Killed Sabo's ghost
  9409 | D:11     | Identified the +0 crystal plate armour of the Dwarven Hall
                  | {Drain rCorr Str+9} (Okawaru gifted it to you on level 11
                  | of the Dungeon)
  9409 | D:11     | Received a gift from Okawaru
  9646 | D:4      | Killed sirJeffrey23's ghost
  9875 | Lair:1   | Entered Level 1 of the Lair of Beasts
 10914 | Lair:2   | Reached skill level 18 in Axes
 11357 | Lair:3   | Noticed a five-headed hydra
 11368 | Lair:3   | Killed a one-headed hydra
 11428 | Lair:3   | Found a staircase to the Swamp.
 11535 | Lair:3   | Reached XP level 13. HP: 114/116 MP: 17/17
 11717 | Lair:3   | Found a hole to the Spider Nest.
 12146 | Lair:4   | Received a gift from Okawaru
 12165 | Lair:4   | Reached ****** piety under Okawaru
 12174 | Lair:4   | Received a gift from Okawaru
 12616 | Lair:4   | Received a gift from Okawaru
 12828 | Lair:4   | Identified the +1 scale mail "Wuddotij" {rN+} (Okawaru
                  | gifted it to you on level 4 of the Lair of Beasts)
 12828 | Lair:4   | Received a gift from Okawaru
 13053 | Lair:4   | Found a viscous altar of Jiyva.
 13054 | Lair:4   | Found a staircase to the Slime Pits.
 13103 | Lair:5   | Entered Level 5 of the Lair of Beasts
 13298 | Lair:5   | Reached skill level 19 in Axes
 13422 | Lair:5   | Found a burning altar of Makhleb.
 13468 | Lair:5   | Found a gateway to Hell.
 13586 | Lair:5   | Reached XP level 14. HP: 115/126 MP: 19/19
 13817 | Lair:5   | Noticed Sonja
 13834 | Lair:5   | Identified the +1 pair of gloves of the Sturgeon {Int+4}
                  | (Okawaru gifted it to you on level 5 of the Lair of Beasts)
 13834 | Lair:5   | Received a gift from Okawaru
 13843 | Lair:5   | Killed Sonja
 14635 | D:12     | Reached skill level 10 in Throwing
 15387 | D:13     | Found a bloodstained altar of Trog.
 15424 | D:13     | Found a gate to the Vaults.
 15434 | D:13     | Reached skill level 20 in Axes
 16104 | D:14     | Received a gift from Okawaru
 16116 | D:14     | Reached skill level 15 in Armour
 16236 | D:14     | Identified the +1 hand axe of the Snake Pit {spect, rF+
                  | Will+ Str-5 Dex+2 Stlth+} (Okawaru gifted it to you on
                  | level 14 of the Dungeon)
 16236 | D:14     | Received a gift from Okawaru
 16652 | D:14     | Noticed Azrael
 16671 | D:14     | Killed Azrael
 16710 | D:14     | Reached XP level 15. HP: 135/135 MP: 20/20
 16784 | D:15     | Entered Level 15 of the Dungeon
 16882 | D:15     | Found a staircase to the Depths.
 17009 | D:15     | Found Colips's Book Shoppe.
 17075 | D:15     | Found Onguix's Magic Scroll Shop.
 17090 | D:15     | Bought a scroll of enchant weapon for 135 gold pieces
 17157 | D:15     | Identified the +4 plate armour of the Stars {*Corrode rElec
                  | Str+3 Dex+3} (Okawaru gifted it to you on level 15 of the
                  | Dungeon)
 17157 | D:15     | Received a gift from Okawaru
 17278 | D:15     | Found Zastril's Weapon Emporium.
 17737 | Orc:1    | Entered Level 1 of the Orcish Mines
 17920 | Orc:2    | Entered Level 2 of the Orcish Mines
 18141 | Orc:2    | Found a staircase to the Elven Halls.
 18172 | Orc:2    | Noticed Saint Roka
 18179 | Orc:2    | Noticed Urug
 18194 | Orc:2    | HP: 1/136 [orc priest/divine providence (12)]
 18196 | Orc:2    | Slain by a two-headed ogre

Illustrated notes

Levels and vault maps discovered:
D:1:      minmay_arrival_hallway, layout_basic
D:2:      layout_loops_ring, uniq_natasha
D:3:      minmay_octagon_keep, layout_basic, demons_altar,
          mainiacjoe_overflow_surrounded_room
D:4:      layout_basic, mainiacjoe_overflow_six_doors_small,
          gammafunk_ghost_gnarly_gnolls
D:5:      layout_loops_ring
D:6:      layout_layer_cave, minmay_overflow_temple_hex,
          minmay_temple_entry_arrows, minmay_fountain_box, serial_bayou_pond_e,
          kennysheep_cross_room, uniq_duvessa
D:7:      layout_basic, tgw_sif, grunt_dithmenos_smoke, uniq_crazy_yiuf_cottage
D:8:      layout_loops_ring, lemuel_coloured_pillars_altar, enter_bailey_3
D:9:      layout_rooms, orc_0_dummy, dk_noncrumbling_3
D:10:     layout_rooms, mainiacjoe_overflow_alcove_1,
          onia_ninara_dug_in_and_dangerous
D:11:     minmay_bloctagon, layout_gridville, grunt_lair_entry_orc_guard_hut,
          ploomutoo_gammafunk_ghost_potion_laboratory, uniq_harold
D:12:     layout_loops_cross
D:13:     layout_loops_ring, erik_vaults_1, trog_three_pillars_becter
D:14:     layout_basic, serial_park_tiny_2, uniq_azrael
D:15:     gammafunk_depths_entry_grave, layout_irregular_city, serial_shops,
          shop, nicolae_shop_waterfront, nicolae_diamond_shop, abandoned_shop
Temple:   chequers_temple_sunken
Lair:1:   layout_roguey, minivault_23, serial_bayou_shore_a
Lair:2:   layout_misc_corridors
Lair:3:   layout_gridlike, swamp_mist_pool, nicolae_spider_entry_non_spiders,
          st_stairs_4
Lair:4:   layout_regular_city, dpeg_slime_entry_enclosed, minmay_holes,
          minmay_lair_drake_nest
Lair:5:   evil_forest, layout_regular_city, serial_bayou_lake_a,
          grunt_megastairs_5, lemuel_fruit_tree, uniq_sonja
Orc:1:    layout_caves, uniq_maurice
Orc:2:    grunt_orc_cross, layout_caves, hellmonk_ghost_happy_afterlife,
          basic_altar, uniq_nessos

Skill      XL: |  1  2  3  4  5  6  7  8  9 10 11 12 13 14 |
---------------+-------------------------------------------+-----
Axes           | 3 4 5 7 8 11 13 16 18 19 20 | 20.8
Armour         | 4 5 6 7 8 10 11 13 15 | 15.8
Shields        | 4 5 6 7 9 10 11 12 13 | 13.4
Fighting       | 4 5 6 7 8 9 11 12 13 | 13.4
Throwing       | 1 2 3 4 5 6 7 8 9 10 | 10.8
Invocations    | 2 4 5 6 8 9 |  9.6

Action                   |  1- 3 |  4- 6 |  7- 9 | 10-12 | 13-15 || total
-------------------------+-------+-------+-------+-------+-------++-------
Melee: War axe           |    86 |   132 |   231 |   323 |   718 ||  1490
       Headbutt          |     9 |    21 |    36 |    54 |   184 ||   304
Throw: Boomerang         |       |     4 |     4 |       |       ||     8
Invok: Heroism           |       |       |     1 |     3 |     6 ||    10
       Finesse           |       |       |       |     2 |     4 ||     6
  Use: Scroll            |     1 |     3 |    15 |    18 |     2 ||    39
       Potion            |       |       |     2 |     1 |     5 ||     8
Armor: Scale mail        |     6 |       |       |       |       ||     6
       Gold dragon scale |    61 |   137 |   201 |   175 |   514 ||  1088
       Chain mail        |     2 |       |       |       |       ||     2
Dodge: Dodged            |    26 |    37 |    49 |   111 |   297 ||   520
Block: Buckler           |    28 |    29 |    65 |   117 |    95 ||   334
       Kite shield       |       |       |       |       |   340 ||   340

Table legend: (Time is in decaauts)
 A = Elapsed time spent in this place.
 B = Non-inter-level travel time spent in this place.
 C = Inter-level travel time spent in this place.
 D = Time resting spent in this place.
 E = Time spent auto-exploring this place.
 F = Levels seen in this place.
 G = Mean time per level.
                   A        B        C        D        E       F      G
               +--------+--------+--------+--------+--------+-----+--------+
         Total |  18093 |  17105 |    988 |    162 |  10743 |  24 |  753.9 |
       Dungeon |  12682 |  11877 |    805 |     94 |   7807 |  15 |  845.5 |
        Temple |     74 |     74 |      0 |      0 |      0 |   1 |   74.0 |
          Lair |   4424 |   4256 |    168 |     35 |   2825 |   5 |  884.8 |
  Orcish Mines |    438 |    424 |     14 |     33 |     96 |   2 |  219.0 |
        Bailey |    472 |    472 |      0 |      0 |     15 |   1 |  472.0 |
               +--------+--------+--------+--------+--------+-----+--------+

Top non-repeatable levels by time:
     D:6: 1325 daAuts
    D:11: 1237 daAuts
  Lair:5: 1183 daAuts
     D:1: 975 daAuts
    D:14: 957 daAuts
  Lair:4: 955 daAuts
     D:8: 902 daAuts
     D:7: 866 daAuts
     D:2: 842 daAuts
    D:12: 826 daAuts
  Lair:3: 811 daAuts
     D:4: 771 daAuts
    D:15: 764 daAuts
  Lair:1: 763 daAuts
     D:5: 712 daAuts
